 Dungeon Crawl Stone Soup version 0.19.4-8-ga85b6b9 (webtiles) character file.

875 Jerry the Chopper (level 8, -4/42 HPs)
             Began as a Vine Stalker Fighter on Feb 10, 2017.
             Killed by divine providence
             ... invoked by an orc priest
              (10 damage)
             ... on level 6 of the Dungeon.
             The game lasted 00:10:59 (3752 turns).

Jerry the Chopper (Vine Stalker Fighter)            Turns: 3752, Time: 00:10:59

Health: -4/42      AC: 14    Str: 19    XL:     8   Next: 4%
Magic:  0/9        EV: 12    Int: 10    God:
Gold:   274        SH:  5    Dex: 14    Spells: 0 memorised, 7 levels left

rFire  . . .     SeeInvis .     a - +0 war axe
rCold  . . .     Gourm    .     I - +3 scale mail of Kisoidghe {-Cast rN++}
rNeg   + + .     Faith    .     B - +0 buckler
rPois  .         Spirit   +     A - +1 hat
rElec  .         Reflect  .     o - +0 cloak
rCorr  .         Harm     .     u - +1 pair of gloves
MR     +....     NoCast   +     (no boots)
Stlth  ..........               (no amulet)
                                (no ring)
                                k - +3 ring of evasion

@: no status effects
A: fangs 3, regeneration 1, magic shield, antimagic bite, no device heal 3, rot
immunity
a: no special abilities


You were on level 6 of the Dungeon.
You were not hungry.

You visited 2 branches of the dungeon, and saw 7 of its levels.

You collected 274 gold pieces.

Inventory:

Hand Weapons
 a - a +0 war axe (weapon)
 b - a +1 falchion of flaming
 F - a +0 broad axe
Armour
 o - a +0 cloak (worn)
 u - a +1 pair of gloves (worn)
 A - a +1 hat (worn)
 B - a +0 buckler (worn)
 I - the +3 scale mail of Kisoidghe (worn) {-Cast rN++}
   (You found it on level 5 of the Dungeon)

   It greatly protects you from negative energy.
   It prevents spellcasting.
Jewellery
 k - a +3 ring of evasion (left hand)
Scrolls
 c - a scroll of amnesia
 g - a scroll of magic mapping {unknown}
 j - a scroll of noise
 l - a scroll of remove curse
 p - 2 scrolls of random uselessness {unknown}
 q - 2 scrolls of recharging {unknown}
 r - a scroll of teleportation {unknown}
 s - a scroll of enchant weapon {unknown}
 t - a scroll of blinking {unknown}
 v - 3 scrolls of identify
 x - a scroll of fog {unknown}
 y - 3 scrolls of fear {unknown}
 G - a scroll of silence {unknown}
Potions
 d - 2 potions of might
 e - 3 potions of curing {unknown}
 h - a potion of degeneration {unknown}
 i - 2 potions of resistance {unknown}
 n - 3 potions of cancellation {unknown}
 w - 3 potions of flight {unknown}
 z - a potion of haste {unknown}
 D - a potion of beneficial mutation {unknown}
 E - a potion of magic {unknown}
Comestibles
 f - 2 bread rations
 m - a slice of pizza
 C - a beef jerky


   Skills:
 + Level 4.6 Fighting
 * Level 5.3 Axes
 + Level 4.3 Armour
 - Level 4.0 Shields


You had 7 spell levels left.
You didn't know any spells.

Dungeon Overview and Level Annotations

Branches:
Dungeon (6/15)             Temple (1/1) D:5

Altars:
Ashenzari
Cheibriados
Dithmenos
Elyvilon
Fedhas
Gozag
Makhleb
Nemelex Xobeh
Okawaru
Ru
Trog
Vehumet
Yredelemnul
Zin
The Shining One


Innate Abilities, Weirdness & Mutations

You have razor-sharp teeth.
Your natural rate of healing is unusually fast.
When hurt, damage is shared between your health and your magic reserves.
Your bite disrupts and absorbs the magic of your enemies.
Potions and wands cannot restore your health.
You are immune to rotting.


Message History

You block the hippogriff's attack. The hippogriff pecks you!
* * * LOW HITPOINT WARNING * * *
The hippogriff claws you but does no damage.
The orc priest hits you.
* * * LOW HITPOINT WARNING * * *
You block the orc's attack. The orc priest hits you with a club.
* * * LOW HITPOINT WARNING * * *
The hippogriff bites you.
* * * LOW HITPOINT WARNING * * *
The hippogriff pecks you but does no damage.
The hippogriff claws you.
* * * LOW HITPOINT WARNING * * *
You barely miss the orc priest. Your bite misses the orc priest.
The orc priest is moderately wounded.
You hit the orc priest. You slash the orc!
You kill the orc!
You slash the hippogriff!
The orc priest calls down the wrath of Beogh upon you.
Beogh smites you!
You die...

#### ...# .#.# #######
.#.# .......
##.######### .......
##.......#.. .......
...#####.#.##+###!......
##.......#......)H......
.>.......#......@)......
#........#......oo......
.........#.######.......
........##.# #.####.
...........# .#
..##.....### ..
..........# ..
#.###...#.# ... #
#...#.#


You could see a hippogriff and 2 orc priests.

Vanquished Creatures
  A black bear (D:6)
  An ogre (D:4)
  2 scorpions
  A howler monkey (D:4)
  3 crimson imps
  A hound (D:5)
  A jelly (D:5)
  An orc priest (D:6)
  2 orc wizards (D:4)
  Natasha (D:3)
  4 worker ants (D:4)
  8 adders
  An adder skeleton (D:4)
  2 worms
  2 dart slugs
  6 leopard geckos
  13 orcs
  9 bats
  4 giant cockroaches
  7 goblins
  6 hobgoblins
  10 jackals
  5 kobolds
  A quokka (D:5)
  2 ball pythons
  8 frilled lizards
  3 rats
105 creatures vanquished.

Notes
Turn   | Place    | Note
-------+----------+-------------------------------------------
     0 | D:1      | Jerry the Vine Stalker Fighter began the quest for the Orb.
     0 | D:1      | Reached XP level 1. HP: 11/11 MP: 2/2
   258 | D:1      | Reached XP level 2. HP: 14/16 MP: 3/3
   298 | D:1      | Reached skill level 2 in Axes
   722 | D:1      | Reached XP level 3. HP: 20/20 MP: 4/4
  1276 | D:2      | Gained mutation: Your natural rate of healing is unusually fast. [Vine Stalker growth]
  1276 | D:2      | Reached XP level 4. HP: 23/24 MP: 5/5
  1630 | D:3      | Reached XP level 5. HP: 17/28 MP: 6/6
  1840 | D:3      | Found a snail-covered altar of Cheibriados.
  2203 | D:3      | Found a burning altar of Makhleb.
  2203 | D:3      | Found a radiant altar of Vehumet.
  2203 | D:3      | Noticed Natasha
  2212 | D:3      | Killed Natasha
  2212 | D:3      | Reached skill level 3 in Axes
  2307 | D:4      | Found a sacrificial altar of Ru.
  2337 | D:4      | Reached XP level 6. HP: 31/33 MP: 7/7
  2646 | D:4      | Reached XP level 7. HP: 37/37 MP: 8/8
  2651 | D:4      | Reached skill level 4 in Axes
  3069 | D:5      | Entered Level 5 of the Dungeon
  3287 | D:5      | Got a shimmering zirconium amulet
  3291 | D:5      | Got a translucent scale mail
  3296 | D:5      | Identified the amulet "Biqaesack" {Harm *Drain rC++ Str+8 Int-3} (You found it on level 5 of the Dungeon)
  3297 | D:5      | Identified the +3 scale mail of Kisoidghe {-Cast rN++} (You found it on level 5 of the Dungeon)
  3329 | D:5      | Found a staircase to the Ecumenical Temple.
  3335 | Temple   | Entered the Ecumenical Temple
  3731 | D:6      | Reached skill level 5 in Axes
  3731 | D:6      | Gained mutation: You have razor-sharp teeth. [Vine Stalker growth]
  3731 | D:6      | Reached XP level 8. HP: 33/42 MP: 9/9
  3742 | D:6      | Noticed a hippogriff
  3752 | D:6      | Killed from afar by an orc priest

Skill      XL: |  1  2  3  4  5  6  7 |
---------------+----------------------+-----
Axes           | 2 3 5 |  5.3
Shields        | 3 4 |  4.0
Fighting       | 3 4 |  4.6
Armour         | 3 4 |  4.3

Action                   |  1- 3 |  4- 6 |  7- 9 || total
-------------------------+-------+-------+-------++-------
Melee: War axe           |    75 |   161 |   106 ||   342
       Bite              |    15 |    45 |    27 ||    87
  Use: Scroll            |       |       |     5 ||     5
  Eat: Chunk             |     1 |     5 |     4 ||    10
Armor: Scale mail        |    31 |       |    17 ||    48
       Chain mail        |     4 |   115 |    46 ||   165
Dodge: Dodged            |    49 |   104 |    67 ||   220
Block: Buckler           |       |    17 |    38 ||    55
